Cogmind - Beta 16 @@@ ROGUE MODE // 2026.01.08 @ 20:04:16 Player: Decinym Result: Destroyed by G-50 Soldier with Heavy Laser Performance ------------- Evolutions (4) 2000 Regions Visited (15) 3000 Robots Destroyed (203) 1015 Value Destroyed (5691) 5691 Prototype IDs (50) 1000 Alien Tech Used (0) 0 Bonus (1021) 1021 TOTAL SCORE: 13727 Bonus ------- High Alert Combat Kills 208 Follower Combat Kills 1594 Aligned with FarCom 300 Built Enhanced Grunts 300 Met R17 at Cetus 500 Friendly Fire -1881 Cogmind --------- Core Integrity 0/850 Matter 265/300 Energy 99/100 System Corruption 41% Temperature Cool (9) Movement Core (50) Location -6/Hub_04(d) Parts ------- > --- POWER (2) -------- (None) > --- PROPULSION (4) --- Enhanced Flexi-carbon Leg Enhanced Flexi-carbon Leg > --- UTILITY (7) ------ (None) > --- WEAPON (2) ------- (None) > --- INVENTORY (5) ---- Combat Antigrav System High-capacity Storage Unit Cloak of Protection Advanced Hacking Suite Neutron Cannon Peak State ------------ > --- POWER ------------ Quantum Reactor Quantum Reactor > --- PROPULSION ------- Centrium Heavy Treads Centrium Heavy Treads > --- UTILITY ---------- High-capacity Storage Unit Experimental Targeting Computer Experimental Core Analyzer Centrium Medium Armor Plating Centrium Medium Armor Plating Medium Regenerative Plating Experimental Thermal Shield > --- WEAPON ----------- Neutron Cannon Advanced KE Penetrator > --- INVENTORY -------- Compact Particle Reactor Quantum Reactor Armored Treads Improved Medium Treads Advanced Myomer Leg Advanced Myomer Leg Combat Antigrav System Superbattery Advanced Signal Interpreter Cloak of Protection Centrium Medium Armor Plating Compact Ion Cannon Advanced KE Penetrator Advanced KE Penetrator AWS/Gauss 8R-AWN's Boregun Improved Proton Missile Launcher CPS Tube CPS Tube [Rating: 134] Favorites ----------- Power Heavy Deuterium Engine Engine Heavy Deuterium Engine Reactor Quantum Reactor Propulsion Light Treads Treads Light Treads Leg Aluminum Leg Wheel Wheel Utility High-capacity Storage Unit Device Hardlight Generator Storage High-capacity Storage Unit Processor Experimental Targeting Computer Hackware Hacking Suite Protection Improved Utility Shielding Weapon Enhanced Autogun Energy Gun Small Laser Energy Cannon Advanced Beam Cannon Ballistic Gun Enhanced Autogun Launcher Rocket Launcher Special Weapon CPS Tube Slashing Weapon Katana Build | -11 -10 -10 -9 -9 -9 -8 -8 -8 -8 -8 -6 -6 -6 -6 -6 ------- Run | Yrd Mat Min Mat Min Exi Min Mat Sto Rec Scr Fac Ext Cet Arc Hub Slots Evolved 8 | . . . 2 . . . 2 . . . 4 . . . . Power 1 | . . . . . . . . . . . 1 . . . . Propulsion 2 | . . . 1 . . . 1 . . . . . . . . Utility 5 | . . . 1 . . . 1 . . . 3 . . . . Weapon . | . . . . . . . . . . . . . . . . Parts Attached 153 | . 5 9 31 3 16 5 16 19 1 1 4 15 20 3 5 Power 16 | . 1 . 4 . 2 1 2 . . . 1 1 3 . 1 Engine 12 | . 1 . 4 . 2 1 2 . . . 1 1 . . . Core . | . . . . . . . . . . . . . . . . Reactor 4 | . . . . . . . . . . . . . 3 . 1 Propulsion 58 | . 2 3 13 1 3 3 4 15 1 1 . 8 2 . 2 Treads 47 | . 2 1 6 1 3 3 4 15 1 1 . 8 2 . . Leg 10 | . . 2 6 . . . . . . . . . . . 2 Wheel 1 | . . . 1 . . . . . . . . . . . . Hover . | . . . . . . . . . . . . . . . . Flight . | . . . . . . . . . . . . . . . . Utility 44 | . . 3 5 2 8 . 6 . . . 3 4 10 2 1 Device 22 | . . 2 3 1 5 . 3 . . . . 1 5 2 . Storage 4 | . . 1 . . 2 . . . . . . . 1 . . Processor 4 | . . . 1 . 1 . . . . . 1 . 1 . . Hackware 1 | . . . . . . . 1 . . . . . . . . Protection 13 | . . . 1 1 . . 2 . . . 2 3 3 . 1 Artifact . | . . . . . . . . . . . . . . . . Weapon 35 | . 2 3 9 . 3 1 4 4 . . . 2 5 1 1 Energy Gun 9 | . 1 3 3 . . . 1 . . . . . 1 . . Energy Cannon 4 | . . . 2 . . . . . . . . 1 1 . . Ballistic Gun 15 | . 1 . 3 . 1 1 2 3 . . . 1 2 1 . Ballistic Cannon . | . . . . . . . . . . . . . . . . Launcher 3 | . . . 1 . 1 . . 1 . . . . . . . Special Weapon 2 | . . . . . . . . . . . . . 1 . 1 Impact Weapon . | . . . . . . . . . . . . . . . . Slashing Weapon 2 | . . . . . 1 . 1 . . . . . . . . Piercing Weapon . | . . . . . . . . . . . . . . . . Special Melee Weapon . | . . . . . . . . . . . . . . . . Unidentified Prototypes 27 | . . . 4 . 6 . 2 2 . . 1 1 10 . 1 Corrupted Parts 2 | . . . . . . . . . . . . 1 . 1 . System Corruption 7 | . . . . . . . . . . . . 3 . 4 . Parts Lost 43 | . 3 4 9 . 3 3 3 . . . . . . . 18 Power 9 | . . . 3 . 1 1 . . . . . . . . 4 Propulsion 13 | . 2 2 2 . 2 2 1 . . . . . . . 2 Utility 11 | . . 1 1 . . . 2 . . . . . . . 7 Weapon 10 | . 1 1 3 . . . . . . . . . . . 5 Highest Loss Streak 18 | . 3 3 7 . 2 3 2 . . . . . . . 18 To Critical Strikes 1 | . . . . . 1 . . . . . . . . . . Average Backups 17 | . 7 13 14 15 16 17 18 18 19 18 18 19 18 19 17 Power 1 | . . 1 1 1 1 1 1 1 1 1 . . 1 2 1 Propulsion 4 | . 3 6 5 4 4 3 3 4 4 4 4 4 4 5 4 Utility 4 | . . . 1 1 4 7 6 6 6 5 4 5 5 5 5 Weapon 6 | . 1 4 5 8 6 5 7 7 8 7 7 7 5 5 4 Tool/Special . | . . . . . . . . . . . . . . . . Unused Backups 48 | . 6 2 7 1 9 . 6 2 . . 1 1 5 1 7 Power 10 | . 1 1 3 . 3 . . . . . 1 . 1 . . Propulsion 8 | . 2 . 2 . . . . . . . . . . 1 3 Utility 11 | . 1 . . . 3 . 1 . . . . . 3 . 3 Weapon 19 | . 2 1 2 1 3 . 5 2 . . . 1 1 . 1 Tool/Special . | . . . . . . . . . . . . . . . . Average Slot Usage (%) 93 | . 85 97 99 96 80 94 97 99 100 100 92 100 90 85 78 Engine 9 | . 14 14 10 11 10 9 9 9 9 9 9 13 1 . . Reactor 1 | . . . . . . . . . . . . . 11 13 11 Treads 27 | . 7 27 16 33 33 31 33 36 36 36 25 26 17 13 11 Leg 1 | . 21 . 15 . . . . . . . . . . . . Device 11 | . . 11 11 8 4 11 16 17 18 18 13 13 6 8 5 Storage 9 | . 14 14 11 11 11 11 9 9 9 9 6 6 7 13 11 Processor 7 | . . . 4 . 4 11 9 9 9 9 12 13 17 13 10 Protection 5 | . . . 5 10 6 . 1 . . . 9 13 13 10 13 Energy Gun 2 | . 4 27 5 . . . . . . . . . . . . Energy Cannon 4 | . . . 10 22 8 17 12 . . . . . 1 . . Ballistic Gun 9 | . 23 . 5 . . 2 5 17 18 18 13 12 11 13 11 Peak Build Rating 134 | . 6 11 17 26 41 44 42 42 42 46 65 73 134 132 132 Average Rating 46 | . 5 9 14 19 27 36 39 41 42 44 60 69 115 130 120 On Entrance 44 | 6 6 6 9 17 26 39 36 41 42 42 45 65 73 131 132 Avg Prop Armor Cover (%) 23 | . . . 13 . . 16 . . . . . . . . 33 Naked Turns 1 | . . . . . . . . . . . . . . . 1 Heaviest Build 119 | 12 13 30 40 56 72 63 70 63 63 63 81 81 119 112 115 Greatest Support 160 | 20 40 40 60 68 68 68 80 80 80 90 90 103 160 160 160 Greatest Overweight (x) 20 | . . 2 2 . 1 20 1 . . . . . . . 18 Average Overweight (x) . | . . . . . . . . . . . . . . . . Largest Inventory Capacity 20 | . 8 15 15 15 20 20 20 20 20 20 20 20 20 20 20 Average Capacity 18 | . 8 13 15 15 19 20 20 20 20 20 20 20 20 20 19 Most Carried 20 | . 8 15 15 15 20 20 20 20 20 20 20 20 20 20 20 Average Carried 17 | . 7 13 14 14 17 18 19 19 20 19 19 19 19 19 18 Final Capacity 20 | 8 8 15 15 15 20 20 20 20 20 20 20 20 20 20 5 Final Carried 20 | 6 8 14 15 15 20 19 20 20 20 20 20 20 20 20 5 Class Distribution -------------------- 64% | Scavenger-Mutant 23% | Mutant 11% | Commander-Mutant Dominant Class ---------------- Mutant | -10/Materials Mutant | -10/Mines Scavenger-Mutant | -9/Materials Scavenger-Mutant | -9/Mines Mutant | -9/Exiles Scavenger-Mutant | -8/Mines Scavenger-Mutant | -8/Materials Scavenger-Mutant | -8/Storage Scavenger-Mutant | -8/Recycling Commander-Mutant | -8/Scraptown Scavenger-Mutant | -6/Factory Scavenger-Mutant | -6/Extension Scavenger-Mutant | -6/Cetus Scavenger-Mutant | -6/Archives Scavenger-Mutant | -6/Hub_04(d) Resources | -11 -10 -10 -9 -9 -9 -8 -8 -8 -8 -8 -6 -6 -6 -6 -6 ----------- Run | Yrd Mat Min Mat Min Exi Min Mat Sto Rec Scr Fac Ext Cet Arc Hub Matter Collected 5271 | 200 195 132 484 75 598 60 268 930 234 22 230 764 463 228 388 Remotely . | . . . . . . . . . . . . . . . . Salvage Created 8616 | . 389 289 1257 224 432 406 1306 1449 507 . 260 916 540 166 475 Parts 534 | . 13 27 81 8 61 22 65 94 18 . 18 43 45 20 19 Haulers Intercepted 16 | . 1 . 6 . . . 3 6 . . . . . . . Recyclers Shooed 8 | . 1 . 2 . . . . 1 3 . 1 . . . . Parts Field Recycled . | . . . . . . . . . . . . . . . . Retrieved Matter . | . . . . . . . . . . . . . . . . Parts Self-Destructed . | . . . . . . . . . . . . . . . . Prevented . | . . . . . . . . . . . . . . . . Parts Restored . | . . . . . . . . . . . . . . . . Kills | -11 -10 -10 -9 -9 -9 -8 -8 -8 -8 -8 -6 -6 -6 -6 -6 ------- Run | Yrd Mat Min Mat Min Exi Min Mat Sto Rec Scr Fac Ext Cet Arc Hub Combat Hostiles Destroyed 135 | . 8 9 18 4 6 11 24 24 3 . 3 14 3 . 8 Melee 1 | . . . . . 1 . . . . . . . . . . Guns 95 | . 8 9 15 . . 4 4 24 3 . 3 14 3 . 8 Cannons 31 | . . . 2 3 2 6 18 . . . . . . . . AOE 4 | . . . 1 . 3 . . . . . . . . . . Classes Destroyed 18 | . 4 1 4 1 3 . . . 1 . 1 . . 1 2 Worker 12 | . . . 3 . . . 4 2 . . 2 . . . 1 Builder 5 | . . 1 . 1 . 1 1 . . . 1 . . . . Hauler 16 | . 1 . 6 . . . 3 6 . . . . . . . Recycler 10 | . 1 . 1 . . . 1 3 4 . . . . . . Operator 5 | . . . . . . . . . . . . . . 5 . Turret 1 | . . . . . 1 . . . . . . . . . . Watcher 10 | . . . 3 . . . 3 1 . . 1 1 1 . . Swarmer 34 | . 3 4 3 . . 3 10 10 1 . . . . . . Cutter 1 | . . . . . . . . . . . . . . . 1 Grunt 48 | . 5 5 9 3 . 6 7 2 . . . 6 . . 5 Brawler 4 | . . . . 1 . 2 . . . . . 1 . . . Duelist 2 | . . . 1 . . . 1 . . . . . . . . Sentry 32 | . . . 5 . . . 6 12 2 . . 6 . . 1 Hunter 3 | . . . . . . . . . . . 3 . . . . Programmer 2 | . . . . . . . . . 1 . . 1 . . . Heavy 1 | . . . . . . . . . . . . . . . 1 Cetus Guard 3 | . . . . . . . . . . . . . 3 . . Enhanced Grunt 1 | . . . . . . . . . . . . . 1 . . Zionite 6 | . . . . . 6 . . . . . . . . . . Assembled 5 | . . . . . 5 . . . . . . . . . . Thug 2 | . . . . . . . . . . . . . 2 . . Guerrilla 1 | . . . . . . . . . . . . . 1 . . Best Kill Streak 16 | . 5 4 7 3 5 4 16 6 3 . 3 5 3 3 5 Combat Bots Only 11 | . 5 3 7 1 5 4 11 6 1 . 2 5 2 . 5 Max Kills in Single Turn 2 | . 1 1 2 1 1 1 1 2 2 . 1 1 2 1 1 Gunslinging 1 | . . . . . . . . 1 . . . . . . . Exploded 1 | . . . 1 . 1 . . . . . . . . . . Melee 1 | . . . . . 1 . . . . . . . . . . Uniques/NPCs Destroyed 6 | . . . . . 4 1 . . . . . . 1 . . 8R-AWN (-9/Exiles) EX-DEC (-9/Exiles) EX-BIN (-9/Exiles) EX-HEX (-9/Exiles) AD-0RF (-8/Mines) A7 (-6/Cetus) Combat | -11 -10 -10 -9 -9 -9 -8 -8 -8 -8 -8 -6 -6 -6 -6 -6 -------- Run | Yrd Mat Min Mat Min Exi Min Mat Sto Rec Scr Fac Ext Cet Arc Hub Hostile Shots Fired 1543 | . 68 81 107 4 90 75 96 89 8 . 33 169 5 8 710 Missed 350 | . 13 32 34 1 26 23 19 17 1 . 6 52 2 3 121 Hits 1193 | . 55 49 73 3 64 52 77 72 7 . 27 117 3 5 589 Melee 17 | . . . 6 1 2 . 6 . . . . . . . 2 Projectile 1176 | . 55 49 67 2 62 52 71 72 7 . 27 117 3 5 587 AOE 1 | . . . . . . . . . . . . . . . 1 Critical Strikes 58 | . 1 . 2 . 30 2 4 6 . . . 2 . 1 10 Part Disruptions 5 | . . . . . . 5 . . . . . . . . . Damage Taken 13695 | . 648 535 1039 76 1153 748 1008 601 85 . 254 887 62 158 6441 Core 1569 | . 105 133 87 . 97 108 90 70 25 . 31 57 30 . 736 Absorbed by Shields 1132 | . . . . . . . 52 288 23 . 155 569 45 . . Reduced by Siege Mode 360 | . . . . . . . . . . . . . . . 360 Redirected to Shielding 58 | . . . . . . . . . . . . 46 12 . . Regen/Repaired (Parts) 490 | . . . . . . . 111 24 . . 88 . . 89 178 Core Remaining (%) 49 | 100 . 4 . . . 27 . . . 66 . . . . . Volleys Fired 610 | . 40 37 84 12 53 17 73 79 18 . 26 63 23 19 66 Largest 2 | . 2 2 2 2 2 2 2 2 2 . 2 2 2 2 2 Hottest 136 | . 60 105 136 136 136 136 136 50 50 . 50 50 115 70 120 Shots Fired 1190 | . 80 74 167 24 68 54 146 157 38 . 52 125 41 38 126 Gun 927 | . 80 74 144 . 15 20 28 157 38 . 52 125 39 38 117 Cannon 245 | . . . 21 24 39 34 118 . . . . . 1 . 8 Launcher 16 | . . . 2 . 14 . . . . . . . . . . Special 2 | . . . . . . . . . . . . . 1 . 1 Kinetic 790 | . 72 5 84 . 15 20 28 157 38 . 52 125 39 38 117 Thermal 382 | . 8 69 81 24 39 34 118 . . . . . 1 . 8 Explosive 14 | . . . . . 14 . . . . . . . . . . Electromagnetic 2 | . . . 2 . . . . . . . . . . . . Robot Hit Streak 32 | . 10 7 18 9 7 16 15 18 13 . 11 32 10 7 21 Robot Miss Streak 5 | . 5 3 5 2 5 1 2 4 2 . 2 2 2 3 5 Penetration Max 2 | . . . . . 2 . . . . . . . 1 1 1 Secondary Targets 9 | . 3 . 1 . . . . 2 . . 1 2 . . . Max Gunslinging Chain 1 | . 1 . 1 . . . . 1 . . 1 1 . . . Autonomous 49 | . . . . . . 20 . . . . . . . . 29 Shots Hit Robots 866 | . 49 42 117 17 70 45 99 107 28 . 38 99 30 23 102 Core Hits 382 | . 18 20 55 4 36 16 43 51 12 . 18 47 22 12 28 Critical Kills 15 | . . . . 1 2 . 1 . . . . . 3 4 4 Critical Parts Destroyed 17 | . . . . . 5 . . . 1 . . . 4 2 5 Critical Strikes 45 | . . . 4 1 10 . 1 . 1 . . . 7 7 14 Burn 4 | . . . 4 . . . . . . . . . . . . Meltdown 3 | . . . . 1 1 . 1 . . . . . . . . Destroy 35 | . . . . . 6 . . . 1 . . . 7 7 14 Sever 3 | . . . . . 3 . . . . . . . . . . Melee Attacks 50 | . . . . . 46 . 1 3 . . . . . . . Impact . | . . . . . . . . . . . . . . . . Slashing 50 | . . . . . 46 . 1 3 . . . . . . . Piercing . | . . . . . . . . . . . . . . . . Sneak Attacks . | . . . . . . . . . . . . . . . . Combat Hostiles . | . . . . . . . . . . . . . . . . Follow-up Attacks . | . . . . . . . . . . . . . . . . Damage Inflicted 18698 | . 648 567 1797 350 2427 1093 2172 1931 502 . 562 1764 1001 710 3174 Guns 13119 | . 648 563 1267 . 250 554 366 1871 502 . 562 1745 973 710 3108 Cannons 3530 | . . . 246 350 520 533 1787 . . . . . 28 . 66 Explosions 744 | . . . 235 . 509 . . . . . . . . . . Melee 1179 | . . . . . 1148 . . 31 . . . . . . . Ramming 126 | . . 4 49 . . 6 19 29 . . . 19 . . . Kinetic 11917 | . 578 42 656 . 250 554 366 1871 502 . 562 1745 973 710 3108 Thermal 4732 | . 70 521 857 350 520 533 1787 . . . . . 28 . 66 Explosive 509 | . . . . . 509 . . . . . . . . . . Electromagnetic 235 | . . . 235 . . . . . . . . . . . . Impact . | . . . . . . . . . . . . . . . . Slashing 1179 | . . . . . 1148 . . 31 . . . . . . . Piercing . | . . . . . . . . . . . . . . . . Highest Corruption 41 | . . . 3 3 3 . . 2 2 . . 5 5 5 41 Average Corruption 3 | . . . 3 3 2 . . 1 2 . . 3 5 3 6 Corruption Purged 12 | . . . . . 3 . . . . . . . . 9 . Corruption Blocked . | . . . . . . . . . . . . . . . . Effects 131 | . . . 7 10 33 . . 14 17 . . 20 14 4 12 Message Errors 37 | . . . . 6 8 . . 5 5 . . 5 6 . 2 Matter Fused 39 | . . . 2 4 7 . . 5 7 . . 10 1 3 . Heat Flow Errors 16 | . . . 2 . 5 . . 2 1 . . 1 5 . . Energy Discharges 9 | . . . 2 . 2 . . 1 1 . . . . 1 2 Parts Rejected 2 | . . . . . 1 . . 1 . . . . . . . Data Loss (minor) 14 | . . . . . 7 . . . . . . 2 1 . 4 Data Loss (major) 3 | . . . . . 2 . . . . . . 1 . . . Misfires 3 | . . . 1 . . . . . 2 . . . . . . Alerts 2 | . . . . . 1 . . . 1 . . . . . . Misdirections 1 | . . . . . . . . . . . . . . . 1 Weapon Failures 5 | . . . . . . . . . . . . 1 1 . 3 Overload Shots . | . . . . . . . . . . . . . . . . Overflow Damage 77 | . . . 4 11 40 1 21 . . . . . . . . Projectiles 73 | . . . . 11 40 1 21 . . . . . . . . Explosions 4 | . . . 4 . . . . . . . . . . . . Melee . | . . . . . . . . . . . . . . . . Knockbacks 3 | . . 1 1 . . . . 1 . . . . . . . Impact 3 | . . 1 1 . . . . 1 . . . . . . . Kinetic . | . . . . . . . . . . . . . . . . Secondary . | . . . . . . . . . . . . . . . . Self-Inflicted Damage 21 | . . . . . 21 . . . . . . . . . . Shots 2 | . . . . . 2 . . . . . . . . . . Rammed 8 | . . 2 1 . . . 2 2 . . . 1 . . . Targets Rammed 14 | . . 2 4 . . 1 2 4 . . . 1 . . . Kicked 3 | . . . 3 . . . . . . . . . . . . Crushed 3 | . . . . . . 1 . 2 . . . . . . . Highest Temperature 389 | . 90 164 273 288 389 45 218 263 255 . . 63 320 . 221 Average Temperature 85 | . 42 56 46 93 135 25 93 105 141 . . 43 121 . 113 Received Heat Transfer 3278 | . 348 174 390 15 . 699 362 191 21 . . 322 . 36 720 Effects 4 | . . . . . . . 1 . . . . . . . 3 Interference 4 | . . . . . . . 1 . . . . . . . 3 Siege Activations 2 | . . . . . . . . . . . . . . . 2 Total Turns 78 | . . . . . . . . . . . . . . . 78 Longest Duration 44 | . . . . . . . . . . . . . . . 44 Martial Activations . | . . . . . . . . . . . . . . . . Shielding Activations . | . . . . . . . . . . . . . . . . Robots Disrupted . | . . . . . . . . . . . . . . . . Combat Hostiles . | . . . . . . . . . . . . . . . . Robots Corrupted . | . . . . . . . . . . . . . . . . Combat Hostiles . | . . . . . . . . . . . . . . . . Parts Fried . | . . . . . . . . . . . . . . . . Impact Corruptions . | . . . . . . . . . . . . . . . . Robots Melted 6 | . . . . 2 1 1 2 . . . . . . . . Combat Hostiles 4 | . . . . 1 . 1 2 . . . . . . . . Parts Melted 26 | . . 1 5 2 7 3 8 . . . . . . . . Heat Transferred 9338 | . 150 1220 2187 629 925 962 3219 . . . . . 37 . 9 Parts Sabotaged . | . . . . . . . . . . . . . . . . Parts Stolen . | . . . . . . . . . . . . . . . . Parts Stripped . | . . . . . . . . . . . . . . . . Power Chain Reactions . | . . . . . . . . . . . . . . . . Alert | -11 -10 -10 -9 -9 -9 -8 -8 -8 -8 -8 -6 -6 -6 -6 -6 ------- Run | Yrd Mat Min Mat Min Exi Min Mat Sto Rec Scr Fac Ext Cet Arc Hub Maximum Alert Level 4 | . . . 1 . . 1 1 2 . . . . 1 . 4 Low Security (%) 75 | . 100 100 82 100 . 96 24 27 100 . 100 100 86 100 13 Level 1 17 | . . . 17 . . 3 75 57 . . . . 13 . 5 Level 2 2 | . . . . . . . . 14 . . . . . . 6 Level 3 3 | . . . . . . . . . . . . . . . 62 Level 4 . | . . . . . . . . . . . . . . . 10 Level 5 . | . . . . . . . . . . . . . . . . High Security . | . . . . . . . . . . . . . . . . Max Security . | . . . . . . . . . . . . . . . . Peak Influence 1117 | . 100 69 237 60 . 207 380 437 156 . 45 151 236 139 1117 Initial 156 | . . 24 12 57 . . 68 139 156 . . 14 40 34 . Average 154 | . 38 13 136 21 . 117 242 237 76 . 5 56 151 63 813 Influence Increases 6295 | . 203 225 688 120 . 347 703 866 295 . 108 611 360 233 1536 Destroy 0b10 Robot/C 3220 | . 160 180 360 80 . 260 480 480 80 . 60 360 160 80 480 Destroy 0b10 Robot/NC 345 | . 10 5 65 5 . 5 60 60 25 . 20 10 10 25 45 Destroy Leader 736 | . 32 40 118 20 . 40 132 164 . . 12 32 . . 146 Allied During Kill 1056 | . . . . . . 21 . . 24 . 2 111 170 105 623 Successful Hack 174 | . . . 22 . . . 23 24 . . 14 67 . . 24 Select Force Hacks 180 | . . . . . . . . 30 150 . . . . . . Disable Machine 225 | . . . . . . . . 60 15 . . . . 15 135 Destroy Structure 119 | . 1 . 3 . . 6 8 3 1 . . 1 20 8 68 Partial Spotted 15 | . . . . . . . . 15 . . . . . . . Lose Combat Pursuer 225 | . . . 120 15 . 15 . 30 . . . 30 . . 15 Influence Decreases 5421 | . 140 255 574 267 . 170 549 796 643 53 79 566 348 319 662 Entered New Map 850 | . . 39 21 90 . . 109 192 245 53 . 15 34 52 . Time Decay 3619 | . 110 176 466 177 . 140 410 454 398 . 69 432 294 211 282 Lost Part 397 | . 30 40 87 . . 30 30 . . . . . . . 180 Lost Ally 334 | . . . . . . . . . . . 10 48 20 56 200 Purge Threat 221 | . . . . . . . . 150 . . . 71 . . . Squads Dispatched 18 | . 2 . 1 . . . 3 3 . . 1 1 . . 7 Investigation 3 | . . . 1 . . . . 1 . . . 1 . . . Extermination 1 | . . . . . . . . . . . . . . . 1 Reinforcement 11 | . 2 . . . . . 3 . . . 1 . . . 5 Assault . | . . . . . . . . . . . . . . . . Garrison 3 | . . . . . . . . 2 . . . . . . 1 Intercept . | . . . . . . . . . . . . . . . . Searches Triggered . | . . . . . . . . . . . . . . . . Unchained Authorized 1 | . . . . . . . . . . . . . . . 1 Construction Impeded . | . . . . . . . . . . . . . . . . Haulers Reinforced . | . . . . . . . . . . . . . . . . Active Scanning Responses . | . . . . . . . . . . . . . . . . Cargo Convoy Interrupts . | . . . . . . . . . . . . . . . . Stealth | -11 -10 -10 -9 -9 -9 -8 -8 -8 -8 -8 -6 -6 -6 -6 -6 --------- Run | Yrd Mat Min Mat Min Exi Min Mat Sto Rec Scr Fac Ext Cet Arc Hub Distress Signals 19 | . 2 . 3 . . . 5 2 . . . . 2 . 5 Communications Jammed . | . . . . . . . . . . . . . . . . Distress Signals . | . . . . . . . . . . . . . . . . Times Spotted 264 | . 13 12 37 4 32 13 39 31 4 . 6 19 8 14 32 Peak Tracking Total 11 | . 4 3 11 2 9 4 9 5 1 . 2 5 5 2 8 Tactical Retreats 21 | . . . 3 1 12 1 . 2 . . . 1 . . 1 Traps | -11 -10 -10 -9 -9 -9 -8 -8 -8 -8 -8 -6 -6 -6 -6 -6 ------- Run | Yrd Mat Min Mat Min Exi Min Mat Sto Rec Scr Fac Ext Cet Arc Hub Traps Triggered 4 | . . . . 1 . . . 2 . . . . . . 1 Indirectly . | . . . . . . . . . . . . . . . . Trap Hack Attempts . | . . . . . . . . . . . . . . . . Triggered . | . . . . . . . . . . . . . . . . Disarmed 4 | . . . 4 . . . . . . . . . . . . Reprogrammed . | . . . . . . . . . . . . . . . . Reused . | . . . . . . . . . . . . . . . . Traps Extracted . | . . . . . . . . . . . . . . . . Installed . | . . . . . . . . . . . . . . . . Triggered . | . . . . . . . . . . . . . . . . Machines | -11 -10 -10 -9 -9 -9 -8 -8 -8 -8 -8 -6 -6 -6 -6 -6 ---------- Run | Yrd Mat Min Mat Min Exi Min Mat Sto Rec Scr Fac Ext Cet Arc Hub Machines Disabled 25 | . 1 . . . 8 . . 4 1 . . 1 . 1 9 Max in Single Turn 2 | . 1 . . . 2 . . 1 1 . . . . 1 1 Garrison Access 3 | . . . . . . . . 1 . . 1 . . . 1 Machines Repaired . | . . . . . . . . . . . . . . . . Machines Dismantled . | . . . . . . . . . . . . . . . . Machines Sabotaged . | . . . . . . . . . . . . . . . . Overloaded Fab Kills . | . . . . . . . . . . . . . . . . Hacking | -11 -10 -10 -9 -9 -9 -8 -8 -8 -8 -8 -6 -6 -6 -6 -6 --------- Run | Yrd Mat Min Mat Min Exi Min Mat Sto Rec Scr Fac Ext Cet Arc Hub Machines Accessed 58 | . . . 6 1 3 . 5 14 7 2 3 14 . . 3 Terminals 39 | . . . 6 . . . 3 11 2 . 1 14 . . 2 Fabricators . | . . . . . . . . . . . . . . . . Repair Stations 4 | . . . . . . . 2 1 . . 1 . . . . Recycling Units 6 | . . . . . . . . 1 5 . . . . . . Scanalyzers . | . . . . . . . . . . . . . . . . Garrison Access 3 | . . . . . . . . 1 . . 1 . . . 1 Total Hacks 118 | . . . 17 1 5 . 9 35 10 5 4 29 . . 3 Successful 74 | . . . 11 1 5 . 4 18 8 5 3 17 . . 2 Failed 44 | . . . 6 . . . 5 17 2 . 1 12 . . 1 Catastrophic 8 | . . . . . . . 1 3 . . 1 2 . . 1 Database Lockouts . | . . . . . . . . . . . . . . . . Manual 61 | . . . 15 . 1 . 5 20 9 . . 9 1 . 1 Terminals 87 | . . . 17 . . . 6 28 4 . 1 29 . . 2 Fabricators . | . . . . . . . . . . . . . . . . Repair Stations 8 | . . . . . . . 3 3 . . 2 . . . . Recycling Units 7 | . . . . . . . . 1 6 . . . . . . Scanalyzers . | . . . . . . . . . . . . . . . . Garrison Access 5 | . . . . . . . . 3 . . 1 . . . 1 Terminal Hacks 42 | . . . 3 1 5 . 2 10 1 5 . 14 . . 1 Record 9 | . . . . . 4 . . . . 5 . . . . . Part Schematic 1 | . . . . . . . . 1 . . . . . . . Open Door 14 | . . . . 1 . . . 3 . . . 10 . . . Branch Access Points 3 | . . . 1 . . . 1 1 . . . . . . . Terminal Index 2 | . . . 1 . . . . 1 . . . . . . . Alert Level 4 | . . . . . . . . 2 1 . . 1 . . . Unreport Threat 2 | . . . . . . . . 1 . . . 1 . . . Locate Traps 2 | . . . . . . . . 1 . . . 1 . . . Disarm Traps 1 | . . . 1 . . . . . . . . . . . . Zone Layout 3 | . . . . . . . 1 . . . . 1 . . 1 Proto ID Catalog 1 | . . . . . 1 . . . . . . . . . . Fabricator Hacks . | . . . . . . . . . . . . . . . . Repair Station Hacks 6 | . . . . . . . 2 2 . . 2 . . . . Scan Component 3 | . . . . . . . 1 1 . . 1 . . . . Repair 3 | . . . . . . . 1 1 . . 1 . . . . Recycling Unit Hacks . | . . . . . . . . . . . . . . . . Scanalyzer . | . . . . . . . . . . . . . . . . Garrison Access Hacks 3 | . . . . . . . . 1 . . 1 . . . 1 Seal Access 3 | . . . . . . . . 1 . . 1 . . . 1 Unauthorized Hacks 22 | . . . 8 . . . . 5 6 . . 3 . . . Terminals 16 | . . . 8 . . . . 4 1 . . 3 . . . Botnet 9 | . . . 3 . . . . 2 1 . . 3 . . . Skim 7 | . . . 5 . . . . 2 . . . . . . . Fabricators . | . . . . . . . . . . . . . . . . Repair Stations . | . . . . . . . . . . . . . . . . Recycling Units 6 | . . . . . . . . 1 5 . . . . . . Tunnel 6 | . . . . . . . . 1 5 . . . . . . Scanalyzers . | . . . . . . . . . . . . . . . . Garrison Access . | . . . . . . . . . . . . . . . . Data Cores Recovered . | . . . . . . . . . . . . . . . . Used . | . . . . . . . . . . . . . . . . Hacking Detections 40 | . . . 6 . . . 5 11 2 . 2 12 . . 2 Full Trace Events 1 | . . . . . . . . . . . . 1 . . . Feedback Events . | . . . . . . . . . . . . . . . . Feedback Blocked . | . . . . . . . . . . . . . . . . Robot Schematics Acquired . | . . . . . . . . . . . . . . . . Robots Built . | . . . . . . . . . . . . . . . . Authchips . | . . . . . . . . . . . . . . . . Time . | . . . . . . . . . . . . . . . . Total Robot Build Rating . | . . . . . . . . . . . . . . . . Part Schematics Acquired 1 | . . . . . . . . 1 . . . . . . . Parts Built . | . . . . . . . . . . . . . . . . Authchips . | . . . . . . . . . . . . . . . . Time . | . . . . . . . . . . . . . . . . Total Part Build Rating . | . . . . . . . . . . . . . . . . Part Studies Acquired . | . . . . . . . . . . . . . . . . Parts Repaired 3 | . . . . . . . 1 1 . . 1 . . . . Time 89 | . . . . . . . 26 38 . . 25 . . . . Parts Recycled . | . . . . . . . . . . . . . . . . Recycled Matter . | . . . . . . . . . . . . . . . . Retrieved Matter . | . . . . . . . . . . . . . . . . Retrieved Components . | . . . . . . . . . . . . . . . . Parts Scanalyzed . | . . . . . . . . . . . . . . . . Part Schematics Acquired . | . . . . . . . . . . . . . . . . Parts Damaged . | . . . . . . . . . . . . . . . . Bothacking | -11 -10 -10 -9 -9 -9 -8 -8 -8 -8 -8 -6 -6 -6 -6 -6 ------------ Run | Yrd Mat Min Mat Min Exi Min Mat Sto Rec Scr Fac Ext Cet Arc Hub Used RIF Installer . | . . . . . . . . . . . . . . . . Robots Hacked . | . . . . . . . . . . . . . . . . Non-combat . | . . . . . . . . . . . . . . . . Combat . | . . . . . . . . . . . . . . . . Robot Hacks Applied . | . . . . . . . . . . . . . . . . Relay Couplers Released . | . . . . . . . . . . . . . . . . Fabnet Peak Effective % . | . . . . . . . . . . . . . . . . Robots Rewired 15 | . . . . . . . . . 7 . 1 7 . . . Allies Hacked . | . . . . . . . . . . . . . . . . Hacks Repelled . | . . . . . . . . . . . . . . . . Allies | -11 -10 -10 -9 -9 -9 -8 -8 -8 -8 -8 -6 -6 -6 -6 -6 -------- Run | Yrd Mat Min Mat Min Exi Min Mat Sto Rec Scr Fac Ext Cet Arc Hub Total Allies 34 | . . . . . . . . . 7 . 1 21 5 . . Largest Group 20 | . . . . . . . . . 7 6 7 16 20 14 10 Highest-Rated Group 996 | . . . . . . . . . 118 113 153 617 996 656 480 Highest-Rated Ally 159 | . . . . . . . . . 27 27 40 159 159 96 96 Total Orders . | . . . . . . . . . . . . . . . . Ally Attacks 301 | . . . . . . 14 . . 12 . 10 62 59 34 110 Total Damage 7633 | . . . . . . 821 . . 89 . 130 1320 1222 787 3264 Kills 45 | . . . . . . 3 . . 2 . . 6 6 4 24 Allies Corrupted . | . . . . . . . . . . . . . . . . Allies Melted . | . . . . . . . . . . . . . . . . Turrets Deployed 1 | . . . . . . 1 . . . . . . . . . Intel | -11 -10 -10 -9 -9 -9 -8 -8 -8 -8 -8 -6 -6 -6 -6 -6 ------- Run | Yrd Mat Min Mat Min Exi Min Mat Sto Rec Scr Fac Ext Cet Arc Hub Active Infowar (turns) 574 | . . . 573 . 1 . . . . . . . . . . Optics 573 | . . . 573 . . . . . . . . . . . . Structural 91 | . . . 91 . . . . . . . . . . . . Cloaking 1 | . . . . . 1 . . . . . . . . . . Robot Analysis Total . | . . . . . . . . . . . . . . . . Derelict Logs Recovered 2 | . . 1 . 1 . . . . . . . . . . . Drone Launches . | . . . . . . . . . . . . . . . . Drone Recoveries . | . . . . . . . . . . . . . . . . Exploration | -11 -10 -10 -9 -9 -9 -8 -8 -8 -8 -8 -6 -6 -6 -6 -6 ------------- Run | Yrd Mat Min Mat Min Exi Min Mat Sto Rec Scr Fac Ext Cet Arc Hub Turns Passed 14487 | . 354 1005 1299 551 2716 291 983 1188 943 1402 451 1499 649 496 660 Spaces Moved 7173 | 1 165 528 632 313 1430 117 411 548 495 863 221 708 297 152 292 Core 17 | . . . . . . 1 . . . . . . . . 16 Treads 6759 | . 40 523 366 313 1430 116 411 548 495 863 221 708 297 152 276 Legs 395 | 1 125 5 264 . . . . . . . . . . . . Wheels 2 | . . . 2 . . . . . . . . . . . . Hover . | . . . . . . . . . . . . . . . . Flight . | . . . . . . . . . . . . . . . . Fastest Speed 50 | 120 120 160 110 160 160 160 160 160 160 160 160 160 160 160 50 Average Speed 159 | 120 129 160 146 160 162 193 164 160 160 160 160 160 160 160 157 Slowest Speed 1050 | 120 160 260 240 160 240 1050 240 160 160 160 160 160 160 160 950 Overloaded Moves . | . . . . . . . . . . . . . . . . Propulsion Burnouts . | . . . . . . . . . . . . . . . . Robots Hopped 1 | . . . . . . 1 . . . . . . . . . Potential Cave-ins . | . . . . . . . . . . . . . . . . Cave-ins Triggered . | . . . . . . . . . . . . . . . . Exploration Rate (%) 56 | 2 38 93 44 65 92 23 52 91 86 56 7 78 64 78 37 Regions Visited 15 Branch Regions 11 Pre-discovered Areas 9 | . . 1 1 . 1 . . 1 5 . . . . . . Known Exits Taken 5 | . . . 1 . . 1 1 1 . 1 . . . . . Unknown Exits Taken 10 | 1 1 1 . 1 1 . . . 1 . 1 1 1 1 . Scrap Searched 7 | . . 1 . 2 . 1 . . . 3 . . . . . Spaces Dug 1 | . . . . . . . 1 . . . . . . . . Terrain Destroyed 77 | . . . . . 14 14 1 . . . . . 9 8 31 Melee 1 | . . . . . . . 1 . . . . . . . . Projectile 62 | . . . . . . 14 . . . . . . 9 8 31 AOE 14 | . . . . . 14 . . . . . . . . . . Terrain Rammed . | . . . . . . . . . . . . . . . . Walls Destroyed . | . . . . . . . . . . . . . . . . Machines Disabled . | . . . . . . . . . . . . . . . . Actions | -11 -10 -10 -9 -9 -9 -8 -8 -8 -8 -8 -6 -6 -6 -6 -6 --------- Run | Yrd Mat Min Mat Min Exi Min Mat Sto Rec Scr Fac Ext Cet Arc Hub Total 9235 | . 226 609 855 343 1700 146 588 766 625 886 287 1005 439 368 392 Wait 655 | . 9 17 43 6 92 . 44 80 9 15 28 74 43 183 12 Move 7156 | . 164 527 631 312 1429 114 410 547 494 862 220 707 296 151 292 Hop 1 | . . . . . . 1 . . . . . . . . . Pick Up 116 | . 6 13 27 2 21 1 17 3 . 3 4 5 9 3 2 Fast Attach 82 | . 1 1 12 2 11 5 8 7 . 1 2 6 20 4 2 Attach 58 | . 4 4 13 1 8 2 7 1 . 1 3 1 2 . 11 Detach 16 | . . . 1 1 7 1 2 1 . . . . 3 . . Swap 66 | . . 4 10 1 8 . 5 18 1 . . 8 8 1 2 Drop 185 | . 2 4 30 6 25 4 19 23 1 4 1 19 35 7 5 Fire 610 | . 40 37 84 12 53 17 73 79 18 . 26 63 23 19 66 Melee 50 | . . . . . 46 . 1 3 . . . . . . . Ram . | . . . . . . . . . . . . . . . . Kick 3 | . . . 3 . . . . . . . . . . . . Crush 11 | . . 2 1 . . 1 2 4 . . . 1 . . . Escape Stasis . | . . . . . . . . . . . . . . . . Rewire 226 | . . . . . . . . . 102 . 3 121 . . . Trap . | . . . . . . . . . . . . . . . . Miscellaneous . | . . . . . . . . . . . . . . . . Route ------- -11/Scrapyard -10/Materials -10/Mines (discovered 2 exits: *Mat x2) -9/Materials (discovered 5 exits: *Mat x3 / *Min x2) -9/Mines (discovered 3 exits: *Mat x2 / *Exi) -9/Exiles -8/Mines -8/Materials (discovered 2 exits: [*Fac] / *Sto) -8/Storage (discovered 2 exits: [*Fac] / *Rec) -8/Recycling (discovered 2 exits: *Fac / *Scr) -8/Scraptown -6/Factory -6/Extension (discovered 2 exits: [*Fac] / *Cet) -6/Cetus (discovered 2 exits: [*Fac] / [*Arc]) -6/Archives (discovered 2 exits: [*Fac] / *Hub) -6/Hub_04(d) (discovered 1 exit: [*Fac]) History --------- Turn | Location | Event 1 | -11/Scrapyard | Discovered new exit (range 0) 1 | -11/Scrapyard | Entered Materials 125 | -10/Materials | Discovered new exit (range 15) 304 | -10/Materials | Build established: Mutant 314 | -10/Materials | Lost 3 parts (2n1w) 355 | -10/Materials | Entered Mines 370 | -10/Mines | Core integrity fell below 50% 412 | -10/Mines | Learned location of Zion (-6) 1207 | -10/Mines | Discovered new exit (range 15) 1230 | -10/Mines | Core integrity fell below 20% 1287 | -10/Mines | Discovered new exit (range 15) 1360 | -10/Mines | Entered Materials 1360 | -9/Materials | Evolved 2 slots: Propulsion x1, Utility x1 1365 | -9/Materials | Lost 3 parts (2n1u) 1425 | -9/Materials | Identified exit to Mines 1659 | -9/Materials | Build established: Scavenger-Mutant 1744 | -9/Materials | Lost 7 parts (2p2n1u2w) 1772 | -9/Materials | Destroyed 7 combat bots 2351 | -9/Materials | Discovered new exit (range 12) 2407 | -9/Materials | Learned Storage emergency access door positions 2470 | -9/Materials | Identified exit to Materials 2524 | -9/Materials | Learned location of 1 exit from Recycling 2570 | -9/Materials | Learned Storage non-interactive machine intel 2608 | -9/Materials | Learned 4 Recycling zone layouts 2659 | -9/Materials | Entered Mines 2840 | -9/Mines | Learned Materials garrison access intel 3048 | -9/Mines | Met a Derelict who couldn't figure out how to use a Trap Extractor 3125 | -9/Mines | Discovered exit to Materials (range 6) 3204 | -9/Mines | Deemed a non-threat by the Exiles lab entrance 3204 | -9/Mines | Discovered new exit (range 5) 3210 | -9/Mines | Entered Exiles 3250 | -9/Exiles | Met 8R-AWN 3277 | -9/Exiles | Met EX-HEX 3341 | -9/Exiles | Met EX-DEC 3346 | -9/Exiles | Build established: Mutant 4074 | -9/Exiles | Visited The Gauntlet 4283 | -9/Exiles | Met EX-BIN 4301 | -9/Exiles | Aligned with FarCom system 4302 | -9/Exiles | Given EX-Vault access code 4342 | -9/Exiles | Opened EX-Vault 4355 | -9/Exiles | Found Superbattery 4362 | -9/Exiles | Found Cloak of Protection 4392 | -9/Exiles | Warned to stay clear of 0b10 Research branches 4540 | -9/Exiles | Attacked by the Exiles 4763 | -9/Exiles | Destroyed 8R-AWN 4777 | -9/Exiles | Found Prototype Device 4777 | -9/Exiles | Identified AS-neutralizer No. 17b 4786 | -9/Exiles | Found Prototype Ballistic Gun 4786 | -9/Exiles | Identified 8R-AWN's Boregun 4791 | -9/Exiles | Found Prototype Processor 4791 | -9/Exiles | Identified Exp. Targeting Computer 5091 | -9/Exiles | Destroyed EX-DEC 5124 | -9/Exiles | Destroyed EX-BIN 5128 | -9/Exiles | Destroyed EX-HEX 5143 | -9/Exiles | Found Prototype Processor 5161 | -9/Exiles | Found Prototype Device 5161 | -9/Exiles | Identified System Purifier 5420 | -9/Exiles | Build established: Scavenger-Mutant 5469 | -9/Exiles | Found Deploy-a-Sentry 5616 | -9/Exiles | Found AWS/Gauss 5904 | -9/Exiles | Discovered new exit (range 15) 5926 | -9/Exiles | Stole four prototypes: Superbattery, Cloak of Protection, AWS/Gauss, Deploy-a-Sentry 5926 | -9/Exiles | Entered Mines 5991 | -8/Mines | Core integrity fell below 50% 6005 | -8/Mines | AD-0RF came to Exiles' defense 6009 | -8/Mines | DAS Turret deployed 6024 | -8/Mines | Allies destroyed AD-0RF 6062 | -8/Mines | Lost 3 parts (1p2n) 6161 | -8/Mines | Discovered exit to Materials (range 6) 6217 | -8/Mines | Entered Materials 6217 | -8/Materials | Evolved 2 slots: Propulsion x1, Utility x1 6218 | -8/Materials | Loaded intel: 1 garrison access location 6269 | -8/Materials | Repaired Lgt. Treads 6471 | -8/Materials | Destroyed 11 combat bots 6981 | -8/Materials | Identified exit to Storage 7084 | -8/Materials | Discovered new exit (range 13) 7200 | -8/Materials | Entered Storage 7201 | -8/Storage | Loaded intel: 28 non-interactive machine locations 7406 | -8/Storage | Garrison activated, responded to threat 7491 | -8/Storage | Identified exit to Recycling 7508 | -8/Storage | Garrison activated, responded to threat 7803 | -8/Storage | Discovered new exit (range 16) 8367 | -8/Storage | Repaired Hardlight Generator 8381 | -8/Storage | Used back door to open Recycling access 8388 | -8/Storage | Entered Recycling 8389 | -8/Recycling | Identified exit to Factory 8903 | -8/Recycling | Build established: Commander-Mutant 9280 | -8/Recycling | Scanned before Scraplab entrance 9304 | -8/Recycling | Entered Scraplab 9319 | -8/Recycling | Discovered new exit (range 2) 9331 | -8/Recycling | Entered Scraptown 9331 | -8/Scraptown | Accompanied by 6 allies 9331 | -8/Scraptown | System corruption cleaned by C-Scrubber 9362 | -8/Scraptown | Build established: Scavenger-Mutant 9687 | -8/Scraptown | Discovered exit to Factory (range 13) 9873 | -8/Scraptown | Build established: Commander-Mutant 9903 | -8/Scraptown | Visited CPS Storage 10175 | -8/Scraptown | Visited Cyclists 10215 | -8/Scraptown | Turned away by UFD registrar 10422 | -8/Scraptown | Visited Cave Peace 10446 | -8/Scraptown | Visited SPCMW 10504 | -8/Scraptown | Visited TADAMA 10531 | -8/Scraptown | Visited Awakened 10733 | -8/Scraptown | Entered Factory 10733 | -6/Factory | Accompanied by 6 allies 10733 | -6/Factory | Evolved 4 slots: Power x1, Utility x3 10734 | -6/Factory | Identified Exp. Core Analyzer 10915 | -6/Factory | Lost 5 allies 11056 | -6/Factory | Repaired Imp. Medium Treads 11151 | -6/Factory | Build established: Scavenger-Mutant 11165 | -6/Factory | Discovered new exit (range 13) 11184 | -6/Factory | Entered Extension 11229 | -6/Extension | Rescued a captive Derelict 11621 | -6/Extension | Rescued a captive Derelict 11643 | -6/Extension | Rescued a captive Derelict 11681 | -6/Extension | Rescued a captive Derelict 11829 | -6/Extension | Rescued A7 12036 | -6/Extension | Spotted B-75 Beast 12059 | -6/Extension | Spotted B-75 Beast 12063 | -6/Extension | Allies destroyed B-75 Beast 12083 | -6/Extension | Allies destroyed B-75 Beast 12108 | -6/Extension | Lost 4 allies 12178 | -6/Extension | Rescued a captive Derelict 12179 | -6/Extension | Rescued a captive Derelict 12199 | -6/Extension | Rescued a captive Derelict 12199 | -6/Extension | Rescued a captive Derelict 12212 | -6/Extension | Rescued a captive Derelict 12213 | -6/Extension | Rescued a captive Derelict 12270 | -6/Extension | Rescued a captive Derelict 12270 | -6/Extension | Rescued a captive Derelict 12488 | -6/Extension | Rescued a captive Derelict 12618 | -6/Extension | Discovered new exit (range 10) 12620 | -6/Extension | Discovered new exit (range 6) 12683 | -6/Extension | Entered Cetus 12683 | -6/Cetus | Accompanied by 16 allies (A7) 12688 | -6/Cetus | Acquired a Cetus Manufacturing Module code from A7 12698 | -6/Cetus | Spotted Cetus Guard 12704 | -6/Cetus | Destroyed Cetus Guard 12706 | -6/Cetus | Spotted Cetus Guard 12707 | -6/Cetus | Spotted Cetus Guard 12711 | -6/Cetus | Allies destroyed Cetus Guard 12714 | -6/Cetus | Allies destroyed Cetus Guard 12838 | -6/Cetus | Started Cetus Manufacturing Module 12863 | -6/Cetus | Manufactured an Enhanced Grunt 12883 | -6/Cetus | Discovered new exit (range 15) 12888 | -6/Cetus | Manufactured an Enhanced Grunt 12913 | -6/Cetus | Manufactured an Enhanced Grunt 12933 | -6/Cetus | Spotted Cetus Guard 12933 | -6/Cetus | Spotted Cetus Guard 12938 | -6/Cetus | Manufactured an Enhanced Grunt 12938 | -6/Cetus | Spotted Cetus Guard 12940 | -6/Cetus | Destroyed Cetus Guard 12941 | -6/Cetus | Spotted Cetus Guard 12946 | -6/Cetus | Allies destroyed Cetus Guard 12960 | -6/Cetus | Destroyed Cetus Guard 12962 | -6/Cetus | Allies destroyed Cetus Guard 12963 | -6/Cetus | Manufactured an Enhanced Grunt 12968 | -6/Cetus | Discovered new exit (range 15) 12976 | -6/Cetus | Met Revision 17 12977 | -6/Cetus | Lost 3 allies 13050 | -6/Cetus | Attached CPS modules to A7. 13104 | -6/Cetus | Murdered A7 13107 | -6/Cetus | Extracted ID and sensor layout for unrecognized location from A7's data core 13145 | -6/Cetus | Found Prototype Protection 13145 | -6/Cetus | Identified Med. Regenerative Plating 13157 | -6/Cetus | Found Prototype Device 13157 | -6/Cetus | Identified Exp. Thermal Shield 13332 | -6/Cetus | Entered Archives 13332 | -6/Archives | Accompanied by 15 allies 13400 | -6/Archives | Lost 5 allies 13419 | -6/Archives | Discovered new exit (range 14) 13670 | -6/Archives | Discovered new exit (range 15) 13828 | -6/Archives | Entered Hub_04(d) 13828 | -6/Hub_04(d) | Accompanied by 10 allies 13897 | -6/Hub_04(d) | Garrison activated, responded to threat 13943 | -6/Hub_04(d) | Discovered new exit (range 13) 14103 | -6/Hub_04(d) | Unchained authorized (DW-4LL) 14331 | -6/Hub_04(d) | Spotted B-75 Beast 14341 | -6/Hub_04(d) | Allies destroyed B-75 Beast 14359 | -6/Hub_04(d) | Lost 4 allies 14368 | -6/Hub_04(d) | DW-4LL burst out of a wall 14380 | -6/Hub_04(d) | System corruption reached 10% 14409 | -6/Hub_04(d) | System corruption reached 30% 14419 | -6/Hub_04(d) | Core integrity fell below 50% 14450 | -6/Hub_04(d) | Attached CPS modules to DW-4LL. 14473 | -6/Hub_04(d) | Core integrity fell below 20% 14488 | -6/Hub_04(d) | Destroyed by G-50 Soldier with Heavy Laser Last Messages --------------- 14462_ CPS Tube destroyed. 14462_ System corrupted by crushing effect (+1). 14465_ Extracted 25 energy. 14466_ Terminal disabled. 14467_ Extracted 25 energy. 14471_ Critical hit (Burn: +37). 14472_ Extracted 25 energy. 14472_ Knocked back. 14473_ Critical hit (Burn: +37). 14474_ System corrupted: Component data lost. 14475_ Dropped Hcp. Storage Unit. 14476_ Dropped Neutron Cannon. 14476_ Dropped Centrium Medium Armor Plating. 14477_ Extracted 41 energy. 14477_ Identified Enh. Flexi-carbon Leg. 14477_ Knocked back. 14479_ Acquired Hcp. Storage Unit. 14480_ ALERT: Potential suspicious activity detected, Programmers report to Hub_04(d) Zone 1B. 14481_ Acquired Neutron Cannon. Map ----- +----------------------------------------------------+ | ### ## " === #?#[!## """" #??# #?########??##### | | ### ## " == ##?#!=## "" " #??# #? #???# ! | | # + " #?##[%## """" #??#% + #???# | | " # ## =###=%* # #??#* # #???# " | | # #########"# !!%###########%|# ##### "" | | " + ## ##!!